 Dungeon Crawl Stone Soup version 0.19.1-1-g22dce08 (webtiles) character file.

121408 davido123 the Severer (level 16, -4/150 HPs)
             Began as a Deep Dwarf Fighter on Jan 21, 2017.
             Was an Elder of Trog.
             Slain by a merfolk
             ... wielding a +0 trident
              (5 damage)
             ... on level 4 of the Shoals.
             The game lasted 00:26:35 (27344 turns).

davido123 the Severer (Deep Dwarf Fighter)         Turns: 27344, Time: 00:26:36

Health: -4/150     AC: 36    Str: 29 (31) XL:     16   Next: 32%
Magic:  4/4        EV:  2    Int:  8      God:    Trog [****..]
Gold:   219        SH:  0    Dex: 17      Spells: 0 memorised, 15 levels left

rFire  . . .     SeeInvis +     D - +2 broad axe (elec)
rCold  . . .     Gourm    .     y - +1 chain mail of the Ego {rPois rCorr SInv}
rNeg   + + +     Faith    .     c - +0 shield
rPois  ∞         Spirit   .     w - +2 helmet
rElec  .         Reflect  .     C - +2 cloak
rCorr  +         Harm     .     t - +2 pair of gloves {Str+3}
MR     ++++.                    K - +2 pair of boots {Fly}
Stlth  ..........               J - amulet of Woukeax {+Rage Dex+5}
                                b - +4 ring of protection
                                Y - +5 ring of protection

@: lethally poisoned (-4 -> -4), petrified, flying, non-regenerating
A: damage resistance, recharge devices, deterioration 1, negative energy
resistance 1, sense surroundings 2, slow regeneration 3, wild magic 1
a: Device Recharging, Berserk, Trog's Hand, Brothers in Arms, Burn Spellbooks,
Renounce Religion, Evoke Berserk Rage, Stop Flying


You were on level 4 of the Shoals.
You worshipped Trog.
Trog was greatly pleased with you.
You were not hungry.

You visited 4 branches of the dungeon, and saw 27 of its levels.
You also visited: Ossuary.

You collected 2689 gold pieces.
You spent 2470 gold pieces at shops.


Innate Abilities, Weirdness & Mutations

You are resistant to damage.
You can recharge devices by infusing magical energy.
You resist negative energy. (rN+)
You passively map the area around you.
You do not regenerate.
Your body sometimes deteriorates upon taking damage.
Your spells are a little harder to cast, but a little more powerful.


   Skills:
 - Level 11.0 Fighting
 - Level 18.0 Axes
 - Level 12.0 Armour
 - Level 10.0 Dodging
 + Level 13.9 Shields
 + Level 13.7 Evocations


You had 15 spell levels left.
You didn't know any spells.

Inventory:

Hand Weapons
 B - a +3 eveningstar
 D - a +2 broad axe of electrocution (weapon)
Missiles
 m - 7 javelins (quivered)
 F - a silver javelin
 G - 5 javelins of returning
Armour
 c - a +0 shield (worn)
 l - a +0 plate armour of poison resistance
 t - a +2 pair of gloves of strength (worn)
 u - a +3 plate armour
 w - a +2 helmet (worn)
 y - the +1 chain mail of the Ego (worn) {rPois rCorr SInv}
   (You found it on level 6 of the Lair of Beasts)

   It protects you from poison.
   It lets you see invisible.
   It protects you from acid and corrosion.
 C - a +2 cloak (worn)
 K - a +2 pair of boots of flying (worn)
Jewellery
 b - a +4 ring of protection (right hand)
 H - an uncursed ring of poison resistance
 J - the amulet of Woukeax (around neck) {+Rage Dex+5}
   (You bought it in a shop on level 2 of the Orcish Mines)

   [amulet of rage]

   It affects your dexterity (+5).
   It lets you go berserk.
 Y - a +5 ring of protection (left hand)
Wands
 p - a wand of disintegration (12/24)
 I - a wand of heal wounds (3/9)
Scrolls
 i - 16 scrolls of identify
 s - 12 scrolls of remove curse
 A - 2 scrolls of teleportation
Potions
 a - 18 potions of curing
 d - 5 potions of might
 g - a potion of cure mutation
 h - 3 potions of resistance
 x - a potion of haste
Comestibles
 e - 2 slices of pizza
 f - 10 bread rations
 j - 3 chunks of flesh
 n - 13 meat rations
 q - 2 beef jerkies
 v - a royal jelly
 z - 11 fruits

Dungeon Overview and Level Annotations

Branches:
Dungeon (15/15)            Temple (0/1) D:5            Lair (6/6) D:11
 Shoals (4/4) Lair:3       Spider (0/4) Lair:3        Slime (0/5) Lair:6
    Orc (2/2) D:9             Elf (0/3) Orc:2        Vaults (0/5) D:14
 Depths (0/5) D:15

Altars:
Dithmenos
Elyvilon
Fedhas
Kikubaaqudgha
Nemelex Xobeh
Qazlal
Trog
Xom
Yredelemnul
Zin
Beogh

Shops:
D:5 !   D:6 [=(*   D:7 [((   Orc:2 [[*=   Shoals:2 *

Annotations:
D:5 1 runed door
Lair:4 Sonja
Shoals:4 Ilsuiw, Polyphemus


Message History

The javelin hits you!
You hear a splash.
A merfolk and a merfolk impaler come into view.
The merfolk is wielding a trident of protection.
You are engulfed in calcifying dust.
The merfolk hits you from afar with a trident.
The siren chants a haunting song.
You resist with almost no effort.
Polyphemus hits you but does no damage. x2
The merfolk javelineer throws a javelin of returning.
The javelin of returning hits you but does no damage.
The weapon returns to the merfolk javelineer!
The merfolk javelineer throws a steel javelin.
The steel javelin hits you.
You hear a splash.
Ilsuiw hits you but does no damage.
The merfolk hits you but does no damage.
The merfolk aquamancer mumbles some strange words.
The merfolk aquamancer blinks!
The merfolk hits you from afar with a trident!
You die...

~~~~~~~.<....##, #.....
~~~~~........#####~~~~~~, ,
~~~~.~...%.......~~m~~~~,
~~~~.............~~~~~~~ *
*, ~~~~.............~m~~m~~
* .....~........¤..~~~m~~.
, .............##¤.mm.....
* .#.........#####Cm......
,, *
,.....~...#.*#m@¤YYm....,,,
, ~.~~..##..HmmYm##..... ,
~~~.,##.#m#Em#* ...., ~ ~~
#~.mEE## ..., ~~ ~ ~ *
.m#.#.~* .., , ~ #m. ~...
,. ~ ~$~# # #.# ,, ~ ~~,
##. ~ ~ , ~ ~~* , ,, ,~ ~


You could see Polyphemus, Ilsuiw, a merfolk avatar, 3 merfolk impalers, 4
merfolk javelineers, 2 death yaks, a catoblepas, a merfolk aquamancer, 5
merfolk, a manticore, 3 water elementals and 2 sirens.

Vanquished Creatures
  Nikola (Shoals:3)
  Jorgrun (Shoals:2)
  Rupert (D:15)
  A kraken (Shoals:2)
  Donald (Shoals:1)
  A fire giant (D:14)
  2 orc warlords (Orc:2)
  Louise (Shoals:2)
  Josephine (Lair:4)
  A merfolk impaler (Shoals:2)
  2 ice dragons (Shoals:3)
  2 hydras
  2 merfolk avatars (Shoals:3)
  A death knight (D:12)
  2 catoblepae
  2 centaur warriors
  2 ogre magi
  2 satyrs (Shoals:3)
  4 orc high priests (Orc:2)
  Urug (Lair:4)
  A skeletal warrior (D:12)
  An unseen horror (D:14)
  3 sea snakes (Shoals:2)
  2 wizards (D:15)
  A glowing orange brain (shapeshifter) (D:14)
  2 phantasmal warriors
  2 orange crystal statues (D:15)
  Pikel (D:5)
  4 hill giants
  24 harpies
  10 manticores
  2 ugly things
  5 orc knights
  7 orc sorcerers
  3 deep elf magi
  6 fauns
  6 cyclopes
  3 elephants (Lair:6)
  Maurice (D:10)
  3 water nymphs
  4 sirens
  2 black mambas (Lair:4)
  Joseph (D:7)
  9 spiny frogs
  A gargoyle (D:11)
  An eye of devastation (Lair:6)
  An efreet (D:14)
  11 rime drakes
  5 komodo dragons
  11 merfolk
  A polar bear (Lair:2)
  9 trolls
  7 two-headed ogres
  3 meliai (D:14)
  5 wind drakes
  3 slime creatures (D:13)
  2 dream sheep (Shoals:3)
  19 hippogriffs
  6 snapping turtles
  6 wraiths
  Sigmund (D:4)
  2 water elementals (Shoals:2)
  2 shadows (D:15)
  3 hogs (D:7)
  8 wyverns
  A yak (shapeshifter) (D:13)
  A hungry ghost (D:11)
  A human (D:7)
  39 yaks
  A hog (shapeshifter) (D:15)
  3 steam dragons (Shoals:3)
  A vampire mosquito (D:14)
  Edmund (D:5)
  8 basilisks
  7 wargs
  16 water moccasins
  15 porcupines
  An eye of draining (Lair:6)
  4 ice beasts
  4 slaves (D:5)
  2 black bears
  5 necrophages
  Duvessa (D:7)
  A phantom (D:4)
  6 sky beasts
  43 orc warriors
  14 centaurs
  21 ogres
  22 crocodiles
  2 big kobolds (D:11)
  9 bullfrogs
  A gnoll sergeant (D:7)
  2 water moccasin zombies (Ossuary)
  Dowan (D:7)
  3 scorpions
  3 killer bees (D:9)
  A water moccasin skeleton (D:8)
  A wyvern skeleton (D:9)
  9 wights
  3 howler monkeys (D:7)
  A vampire bat (Lair:5)
  7 electric eels
  7 bullfrog zombies
  4 crimson imps
  3 centaur zombies
  6 jellies
  6 hounds
  4 bullfrog skeletons
  28 orc priests
  25 orc wizards
  5 centaur skeletons
  3 iguanas
  12 worker ants
  2 killer bee zombies
  3 hound zombies (Ossuary)
  A hound skeleton (D:9)
  13 mummies (Ossuary)
  A howler monkey zombie (Ossuary)
  2 worker ant zombies (Ossuary)
  12 gnolls
  12 adders
  7 shadow imps
  An ooze (D:2)
  3 worms
  2 adder skeletons
  5 adder zombies (Ossuary)
  A dart slug (D:3)
  5 leopard geckos
  128 orcs
  A ball python (D:2)
  15 bats
  7 giant cockroaches
  6 goblins
  7 hobgoblins
  9 jackals
  A quokka (D:9)
  7 frilled lizards
  2 giant cockroach zombies (Ossuary)
  6 kobolds
  A leopard gecko zombie (Ossuary)
  3 quokka skeletons
  2 quokka zombies
  9 rats
  4 fungi
  9 plants
  A tentacle (Shoals:2)
893 creatures vanquished.

Vanquished Creatures (collateral kills)
  Roxanne (D:14)
  Nessos (D:13)
  2 hydras
  A faun (Shoals:2)
  An oklob plant (D:11)
  2 spiny frogs (Lair:1)
  A merfolk (Shoals:2)
  A snapping turtle (Shoals:2)
  A water moccasin (Lair:4)
  2 orc warriors (Orc:2)
  A crocodile (D:14)
  2 orc priests (Orc:2)
  An orc (Orc:2)
  2 kobolds (D:11)
  2 plants (D:11)
21 creatures vanquished.

Vanquished Creatures (others)
  An orc priest (Orc:2)
  5 fungi
  4 plants
  4 tentacles (Shoals:2)
  A withered plant (Ossuary)
15 creatures vanquished.

Grand Total: 929 creatures vanquished

Notes
Turn   | Place    | Note
-------+----------+-------------------------------------------
     0 | D:1      | davido123 the Deep Dwarf Fighter began the quest for the Orb.
     0 | D:1      | Reached XP level 1. HP: 20/20 MP: 1/1
     0 | D:1      | 0 ||| counter = 1
     0 | D:1      | Noticed a vine stalker
     8 | D:1      | Noticed an ogre
    10 | D:1      | Noticed a gargoyle
    10 | D:1      | Noticed a minotaur zombie
    14 | D:1      | Noticed a gargoyle
    14 | D:1      | Noticed a troll
    16 | D:1      | Noticed a felid
   320 | D:1      | Reached skill level 3 in Axes
   320 | D:1      | Reached XP level 2. HP: 27/27 MP: 2/2
   537 | D:1      | Reached skill level 1 in Dodging
   827 | D:1      | 827 ||| READING scroll labeled HIUZAS PUEW.
   830 | D:1      | 830 ||| READING scroll labeled KEVEGA RURRISAY.
   831 | D:1      | 831 ||| READING scroll labeled BIALOO IN XEA.
   832 | D:1      | 832 ||| READING scroll labeled ONYSUEKHIEZA.
   966 | D:2      | Reached XP level 3. HP: 30/33 MP: 3/3
  1102 | D:2      | Reached skill level 4 in Axes
  1120 | D:2      | Found an ancient bone altar of Kikubaaqudgha.
  1517 | D:2      | 1517 ||| READING scroll labeled ACANGU XIBLUFO.
  1518 | D:2      | 1518 ||| DRINKING 2 bubbling sapphire potions.
  1519 | D:2      | 1519 ||| READING scroll of identify.
  1519 | D:2      | 1519 ||| IDENTIFYING marble ring
  1520 | D:2      | 1520 ||| DROPPING ring of magical power.
  1605 | D:3      | Reached XP level 4. HP: 30/40 MP: 4/4
  1633 | D:3      | Found a shimmering altar of Xom.
  1746 | D:3      | Reached skill level 5 in Axes
  2051 | D:3      | 2051 ||| DROPPING club.
  2254 | D:3      | Found a faded altar of an unknown god.
  2445 | D:3      | 2445 ||| UPGRADING to chain mail.
  2455 | D:3      | 2455 ||| DROPPING +0 scale mail.
  2456 | D:3      | 2456 ||| READING scroll labeled ELATIA MEBIHEA.
  2457 | D:3      | 2457 ||| READING scroll labeled BOQEXUL BOCWIMP.
  2458 | D:3      | 2458 ||| READING 4 scrolls of identify.
  2458 | D:3      | 2458 ||| IDENTIFYING bubbling black potion
  2459 | D:3      | 2459 ||| READING 3 scrolls of identify.
  2459 | D:3      | 2459 ||| IDENTIFYING amethyst potion
  2460 | D:3      | 2460 ||| READING 2 scrolls of identify.
  2460 | D:3      | 2460 ||| IDENTIFYING yellow potion
  2461 | D:3      | 2461 ||| DROPPING potion of degeneration.
  2550 | D:4      | 2550 ||| DROPPING mace.
  2606 | D:4      | Reached XP level 5. HP: 29/46 MP: 5/5
  2621 | D:4      | Found a basalt altar of Yredelemnul.
  2659 | D:4      | Reached skill level 6 in Axes
  2709 | D:4      | Noticed a phantom
  2710 | D:4      | Found a white marble altar of Elyvilon.
  2715 | D:4      | 2715 ||| DRINKING potion of heal wounds.
  2722 | D:4      | Killed a phantom
  2722 | D:4      | Reached XP level 6. HP: 45/55 MP: 6/6
  2801 | D:4      | 2801 ||| UPGRADING to flail.
  2802 | D:4      | 2802 ||| SWAPPING to +1 war axe.
  2803 | D:4      | 2803 ||| UPGRADING to runed whip.
  2804 | D:4      | 2804 ||| SWAPPING to +1 war axe.
  2805 | D:4      | 2805 ||| DROPPING +1 whip of distortion.
  2820 | D:4      | 2820 ||| DRINKING 2 potions of heal wounds.
  2823 | D:4      | 2823 ||| DRINKING potion of heal wounds.
  2825 | D:4      | Reached skill level 7 in Axes
  2849 | D:4      | Gained mutation: Your body sometimes deteriorates upon taking damage. [mutagenic glow]
  2897 | D:4      | Found a bloodstained altar of Trog.
  2902 | D:4      | Became a worshipper of Trog the Wrathful
  3040 | D:4      | Reached skill level 1 in Evocations
  3095 | D:4      | Found a sand-covered staircase.
  3096 | D:4      | 3096 ||| Found Ossuary.
  3100 | Ossuary  | Entered an ossuary
  3101 | Ossuary  | 3101 ||| Entered Ossuary.
  3109 | Ossuary  | 3109 ||| ZAPPING wand of heal wounds (5/9).
  3140 | Ossuary  | 3140 ||| ZAPPING wand of heal wounds (4/9).
  3147 | Ossuary  | 3147 ||| MP-RECHARGING wand of heal wounds (3/9).
  3148 | Ossuary  | 3148 ||| MP-RECHARGING wand of heal wounds (3/9).
  3182 | Ossuary  | Reached XP level 7. HP: 47/61 MP: 6/8
  3198 | Ossuary  | Reached skill level 8 in Axes
  3198 | Ossuary  | Reached skill level 3 in Evocations
  3237 | Ossuary  | Reached * piety under Trog
  3300 | Ossuary  | 3300 ||| ZAPPING wand of heal wounds (7/9).
  3303 | Ossuary  | Reached skill level 3 in Fighting
  3404 | Ossuary  | 3404 ||| Stepping ~*~*~tactically~*~*~ (water).
  3482 | Ossuary  | 3482 ||| READING scroll labeled GOELOINAIZ.
  3482 | Ossuary  | Identified a scroll of acquirement
  3484 | Ossuary  | 3484 ||| UPGRADING to pair of runed boots.
  3489 | Ossuary  | 3489 ||| READING 3 scrolls labeled BORRASCHUAX.
  3490 | Ossuary  | 3490 ||| ZAPPING wand of heal wounds (6/9).
  3491 | Ossuary  | 3491 ||| READING 2 scrolls labeled XIATSU JIYNARGH.
  3492 | Ossuary  | 3492 ||| READING 3 scrolls of identify.
  3492 | Ossuary  | 3492 ||| IDENTIFYING blue potion
  3493 | Ossuary  | 3493 ||| READING 2 scrolls of identify.
  3493 | Ossuary  | 3493 ||| IDENTIFYING glowing puce potion
  3494 | Ossuary  | 3494 ||| DROPPING wand of slowing.
  3495 | Ossuary  | 3495 ||| DROPPING potion of magic.
  3496 | Ossuary  | 3496 ||| DROPPING 2 scrolls of torment.
  3520 | D:4      | 3520 ||| EATING slice of pizza.
  3661 | D:4      | Noticed Sigmund
  3663 | D:4      | 3663 ||| INVOKING Berserk.
  3667 | D:4      | Killed Sigmund
  3667 | D:4      | Reached skill level 3 in Dodging
  3667 | D:4      | Reached XP level 8. HP: 69/69 MP: 10/10
  3789 | D:4      | 3789 ||| UPGRADING to twisted blue amulet.
  3790 | D:4      | 3790 ||| REMOVING amulet of guardian spirit.
  3791 | D:4      | 3791 ||| DROPPING amulet of guardian spirit.
  3792 | D:4      | 3792 ||| READING scroll labeled XOSYMU NAV VOA.
  3831 | D:5      | Entered Level 5 of the Dungeon
  3831 | D:5      | Found a staircase to the Ecumenical Temple.
  3832 | D:5      | 3832 ||| STAIRDANCE
  3850 | D:5      | Noticed Pikel
  3857 | D:5      | 3857 ||| INVOKING Berserk.
  3859 | D:5      | Reached skill level 9 in Axes
  3870 | D:5      | 3870 ||| READING 2 scrolls of teleportation.
  3872 | D:5      | 3872 ||| READING scroll of teleportation.
  3873 | D:5      | 3873 ||| DRINKING potion of heal wounds.
  3874 | D:5      | 3874 ||| ZAPPING wand of heal wounds (5/9).
  3878 | D:5      | Reached ** piety under Trog
  4032 | D:5      | 4032 ||| ZAPPING wand of heal wounds (4/9).
  4033 | D:5      | 4033 ||| MP-RECHARGING wand of heal wounds (3/9).
  4052 | D:5      | Noticed Edmund
  4067 | D:5      | Killed Edmund
  4148 | D:5      | 4148 ||| INVOKING Berserk.
  4160 | D:5      | Killed Pikel
  4160 | D:5      | Reached skill level 10 in Axes
  4160 | D:5      | Gained mutation: You passively map the area around you. [Deep Dwarf growth]
  4160 | D:5      | Reached XP level 9. HP: 37/76 MP: 10/10
  4163 | D:5      | 4163 ||| ZAPPING wand of heal wounds (7/9).
  4261 | D:5      | Found a glowing silver altar of Zin.
  4261 | D:5      | Found a blossoming altar of Fedhas.
  4275 | D:5      | 4275 ||| ZAPPING wand of heal wounds (6/9).
  4410 | D:5      | Found a runed door.
  4469 | D:5      | Found Lyguts's Distillery.
  4472 | D:5      | 4472 ||| INVOKING Berserk.
  4475 | D:5      | Reached skill level 6 in Shields
  4545 | D:5      | Bought a potion of heal wounds for 70 gold pieces
  4545 | D:5      | Bought a potion of curing for 42 gold pieces
  4545 | D:5      | Bought a potion of curing for 42 gold pieces
  4839 | D:5      | 4839 ||| UPGRADING to glowing ring mail.
  4849 | D:5      | 4849 ||| UPGRADING to +0 chain mail.
  4859 | D:5      | 4859 ||| DROPPING +1 ring mail of poison resistance.
  4860 | D:5      | 4860 ||| UPGRADING to plate armour.
  4870 | D:5      | 4870 ||| DROPPING +0 chain mail.
  4871 | D:5      | 4871 ||| READING scroll of enchant armour.
  4871 | D:5      | 4871 ||| ENCHANTING +0 plate armour.
  4872 | D:5      | 4872 ||| READING scroll labeled MIUGGI LOMISI.
  4873 | D:5      | 4873 ||| READING 2 scrolls of identify.
  4873 | D:5      | 4873 ||| IDENTIFYING emerald potion
  4874 | D:5      | 4874 ||| DROPPING potion of flight.
  4905 | D:6      | 4905 ||| INVOKING Berserk.
  4908 | D:6      | 4908 ||| EATING 2 beef jerkies.
  4968 | D:6      | 4968 ||| DROPPING +0 flail.
  4969 | D:6      | 4969 ||| UPGRADING to morningstar.
  4970 | D:6      | 4970 ||| SWAPPING to +1 war axe.
  4997 | D:6      | Reached *** piety under Trog
  5046 | D:6      | Found Peemed's Antique Weapon Emporium.
  5082 | D:6      | 5082 ||| SHOPLISTING runed flail (190 gold, have 159).
  5179 | D:6      | Found Naiweexe's Jewellery Emporium.
  5187 | D:6      | 5187 ||| SHOPLISTING ring of poison resistance (240 gold, have 190).
  5187 | D:6      | 5187 ||| SHOPLISTING +6 ring of protection (936 gold, have 190).
  5187 | D:6      | 5187 ||| SHOPLISTING ring of fire (300 gold, have 190).
  5232 | D:6      | Found Gofo's Assorted Antiques.
  5237 | D:6      | Bought a scroll of remove curse for 75 gold pieces
  5237 | D:6      | Bought a scroll labeled PUDDAPHEASK for 25 gold pieces
  5237 | D:6      | 5237 ||| SHOPLISTING knobbly ruby ring (125 gold, have 90).
  5237 | D:6      | 5237 ||| SHOPLISTING pair of embroidered gloves (262 gold, have 90).
  5237 | D:6      | 5237 ||| SHOPLISTING shiny bronze ring (125 gold, have 90).
  5237 | D:6      | Bought a bubbling inky potion for 22 gold pieces
  5237 | D:6      | Bought a scroll labeled BEEFIRPH KAYDIEPH for 25 gold pieces
  5237 | D:6      | 5237 ||| SHOPLISTING potion of heal wounds (125 gold, have 43).
  5237 | D:6      | 5237 ||| SHOPLISTING 3 scrolls labeled PUDDAPHEASK (75 gold, have 43).
  5328 | D:6      | 5328 ||| DRINKING 6 potions of curing.
  5328 | D:6      | 5328 ||| (to cure poison)
  5419 | D:6      | 5419 ||| INVOKING Berserk.
  5517 | D:6      | 5517 ||| INVOKING Berserk.
  5521 | D:6      | Reached skill level 11 in Axes
  5599 | D:6      | Found Geeherghate's Antique Armour Boutique.
  5602 | D:6      | 5602 ||| SHOPLISTING pair of gloves (90 gold, have 53).
  5602 | D:6      | 5602 ||| SHOPLISTING dazzling cloak (190 gold, have 53).
  5703 | D:6      | 5703 ||| UPGRADING to opal ring.
  5704 | D:6      | 5704 ||| READING 2 scrolls labeled BEEFIRPH KAYDIEPH.
  5705 | D:6      | 5705 ||| READING scroll labeled PUDDAPHEASK.
  5706 | D:6      | 5706 ||| DRINKING 2 bubbling inky potions.
  5707 | D:6      | 5707 ||| READING 3 scrolls of identify.
  5707 | D:6      | 5707 ||| IDENTIFYING lumpy coppery potion
  5708 | D:6      | 5708 ||| READING 2 scrolls of identify.
  5708 | D:6      | 5708 ||| IDENTIFYING puce potion
  5709 | D:6      | 5709 ||| DROPPING scroll of immolation.
  5710 | D:6      | 5710 ||| DROPPING potion of ambrosia.
  5711 | D:6      | 5711 ||| DROPPING potion of brilliance.
  5712 | D:6      | 5712 ||| DROPPING potion of invisibility.
  5738 | D:7      | 5738 ||| INVOKING Berserk.
  5751 | D:7      | Noticed Duvessa
  5755 | D:7      | Noticed Dowan
  5755 | D:7      | 5755 ||| DRINKING potion of heal wounds.
  5757 | D:7      | 5757 ||| ZAPPING wand of heal wounds (5/9).
  5761 | D:7      | Killed Duvessa
  5766 | D:7      | 5766 ||| ZAPPING wand of heal wounds (4/9).
  5770 | D:7      | 5770 ||| ZAPPING wand of heal wounds (3/9).
  5771 | D:7      | Killed Dowan
  5775 | D:7      | 5775 ||| ZAPPING wand of heal wounds (2/9).
  5776 | D:7      | 5776 ||| MP-RECHARGING wand of heal wounds (1/9).
  5780 | D:7      | 5780 ||| ZAPPING wand of heal wounds (5/9).
  5784 | D:7      | 5784 ||| INVOKING Berserk.
  5803 | D:7      | HP: 20/81 [poisoned by a gnoll sergeant]
  5804 | D:7      | 5804 ||| ZAPPING wand of heal wounds (4/9).
  5805 | D:7      | 5805 ||| ZAPPING wand of heal wounds (3/9).
  5808 | D:7      | Reached skill level 6 in Armour
  5809 | D:7      | 5809 ||| MP-RECHARGING wand of heal wounds (2/9).
  5810 | D:7      | 5810 ||| EATING beef jerky.
  5878 | D:7      | Found User's Armour Shop.
  5882 | D:7      | 5882 ||| SHOPLISTING +0 cloak (72 gold, have 53).
  5882 | D:7      | 5882 ||| SHOPLISTING +0 pair of gloves (72 gold, have 53).
  6010 | D:7      | Reached **** piety under Trog
  6022 | D:7      | Found Iggahycw's Antique Weapon Shop.
  6028 | D:7      | 6028 ||| SHOPLISTING steaming eveningstar (480 gold, have 72).
  6028 | D:7      | 6028 ||| SHOPLISTING runed morningstar (240 gold, have 72).
  6096 | D:7      | Found Roadaczo's Weapon Shoppe.
  6166 | D:7      | Noticed Joseph
  6211 | D:7      | Killed Joseph
  6211 | D:7      | Reached XP level 10. HP: 46/88 MP: 9/9
  6212 | D:7      | 6212 ||| ZAPPING wand of heal wounds (6/9).
  6219 | D:7      | 6219 ||| READING scroll of enchant armour.
  6219 | D:7      | 6219 ||| ENCHANTING +1 plate armour.
  6249 | D:7      | Reached skill level 12 in Axes
  6267 | D:7      | 6267 ||| ZAPPING wand of heal wounds (5/9).
  6403 | D:7      | 6403 ||| READING 3 scrolls of identify.
  6403 | D:7      | 6403 ||| IDENTIFYING murky puce potion
  6404 | D:7      | 6404 ||| DRINKING potion of beneficial mutation.
  6404 | D:7      | Gained mutation: Your spells are a little harder to cast, but a little more powerful. [potion of beneficial mutation]
  6405 | D:7      | 6405 ||| READING 2 scrolls of identify.
  6405 | D:7      | 6405 ||| IDENTIFYING fuming green potion
  6406 | D:7      | 6406 ||| DROPPING potion of berserk rage.
  6433 | D:8      | 6433 ||| STAIRDANCE
  6526 | D:8      | 6526 ||| READING scroll of enchant armour.
  6526 | D:8      | 6526 ||| ENCHANTING +2 plate armour.
  6549 | D:8      | Found a stormy altar of Qazlal.
  6617 | D:8      | Reached skill level 6 in Fighting
  6863 | D:8      | 6863 ||| UPGRADING to runed coral ring.
  6864 | D:8      | 6864 ||| DROPPING wand of iceblast.
  7045 | D:9      | You fall through a shaft!
  7045 | D:10     | Entered Level 10 of the Dungeon
  7062 | D:10     | 7062 ||| Shafted from D:9 to D:10.
  7214 | D:10     | Reached skill level 13 in Axes
  7226 | D:10     | 7226 ||| INVOKING Berserk.
  7299 | D:9      | 7299 ||| Successfully unshafted to D:9.
  7312 | D:9      | Found a sparkling altar of Nemelex Xobeh.
  7413 | D:9      | Reached ***** piety under Trog
  7448 | D:9      | 7448 ||| INVOKING Burn Spellbooks.
  7467 | D:9      | 7467 ||| DRINKING potion of heal wounds.
  7504 | D:9      | 7504 ||| INVOKING Berserk.
  7560 | D:9      | 7560 ||| READING scroll of enchant weapon.
  7560 | D:9      | 7560 ||| ENCHANTING +1 war axe.
  7788 | D:9      | 7788 ||| Stepping ~*~*~tactically~*~*~ (water).
  7826 | D:9      | Found a staircase to the Orcish Mines.
  7926 | D:9      | 7926 ||| INVOKING Berserk.
  8044 | D:9      | Reached XP level 11. HP: 70/97 MP: 10/10
  8246 | D:9      | 8246 ||| ZAPPING wand of heal wounds (4/9).
  8247 | D:9      | 8247 ||| MP-RECHARGING wand of heal wounds (3/9).
  8292 | D:9      | 8292 ||| READING 2 scrolls of identify.
  8292 | D:9      | 8292 ||| IDENTIFYING sedimented ruby potion
  8293 | D:9      | 8293 ||| DROPPING wand of confusion.
  8294 | D:9      | 8294 ||| DROPPING potion of agility.
  8379 | D:10     | 8379 ||| INVOKING Berserk.
  8425 | D:10     | 8425 ||| EATING 3 beef jerkies.
  8429 | D:10     | 8429 ||| INVOKING Burn Spellbooks.
  8469 | D:10     | Noticed Maurice
  8491 | D:10     | Killed Maurice
  8491 | D:10     | Reached skill level 9 in Shields
  8521 | D:10     | Found a shadowy altar of Dithmenos.
  8551 | D:10     | 8551 ||| INVOKING Berserk.
  8616 | D:10     | 8616 ||| INVOKING Berserk.
  8617 | D:10     | Noticed a hill giant
  8618 | D:10     | Noticed an orc knight
  8629 | D:10     | Killed a hill giant
  8636 | D:10     | Killed an orc knight
  8713 | D:10     | 8713 ||| INVOKING Burn Spellbooks.
  8961 | D:10     | 8961 ||| UPGRADING to cloak.
  8966 | D:10     | 8966 ||| UPGRADING to golden ring.
  8968 | D:10     | 8968 ||| READING 7 scrolls of remove curse.
  8969 | D:10     | 8969 ||| REMOVING ring of loudness.
  8970 | D:10     | 8970 ||| DROPPING ring of loudness.
  8971 | D:10     | 8971 ||| UPGRADING to +4 ring of protection.
  8972 | D:10     | 8972 ||| DROPPING wand of flame.
  8973 | D:10     | 8973 ||| DROPPING wand of paralysis.
  9057 | D:11     | 9057 ||| SWAPPING to broad axe.
  9089 | D:11     | 9089 ||| ZAPPING wand of heal wounds (9/9).
  9091 | D:11     | 9091 ||| DROPPING +2 war axe.
  9208 | D:11     | Noticed a purple ugly thing
  9209 | D:11     | 9209 ||| INVOKING Berserk.
  9221 | D:11     | Killed a purple ugly thing
  9306 | D:11     | Reached skill level 14 in Axes
  9314 | D:11     | Noticed a four-headed hydra
  9315 | D:11     | 9315 ||| INVOKING Brothers in Arms.
  9317 | D:11     | 9317 ||| INVOKING Brothers in Arms.
  9318 | D:11     | 9318 ||| SWAPPING to +0 morningstar.
  9319 | D:11     | Killed a three-headed hydra
  9320 | D:11     | 9320 ||| SWAPPING to +0 broad axe.
  9351 | D:11     | 9351 ||| INVOKING Berserk.
  9395 | D:11     | 9395 ||| EATING 2 beef jerkies.
  9449 | D:11     | 9449 ||| EATING 8 bread rations.
  9477 | D:11     | Found a staircase to the Lair.
  9477 | D:11     | Noticed an oklob plant
  9478 | D:11     | 9478 ||| INVOKING Brothers in Arms.
  9491 | D:11     | Killed an oklob plant
  9674 | D:11     | 9674 ||| DRINKING 2 smoky amethyst potions.
  9675 | D:11     | 9675 ||| READING 2 scrolls of identify.
  9675 | D:11     | 9675 ||| IDENTIFYING dark potion
  9676 | D:11     | 9676 ||| DROPPING potion of cancellation.
  9721 | Lair:1   | Entered Level 1 of the Lair of Beasts
  9722 | Lair:1   | 9722 ||| Entered L.
  9722 | Lair:1   | 9722 ||| STAIRDANCE
  9774 | Lair:1   | 9774 ||| ZAPPING wand of heal wounds (8/9).
  9811 | Lair:1   | 9811 ||| READING 2 scrolls of enchant weapon.
  9811 | Lair:1   | 9811 ||| ENCHANTING +0 broad axe.
  9812 | Lair:1   | 9812 ||| READING scroll of enchant weapon.
  9812 | Lair:1   | 9812 ||| ENCHANTING +1 broad axe.
 10052 | Lair:1   | 10052 ||| INVOKING Berserk.
 10098 | Lair:1   | 10098 ||| READING scroll of teleportation.
 10107 | Lair:1   | 10107 ||| INVOKING Brothers in Arms.
 10109 | Lair:1   | Reached skill level 9 in Armour
 10113 | Lair:1   | 10113 ||| EATING 2 beef jerkies.
 10268 | Lair:1   | 10268 ||| ZAPPING wand of heal wounds (7/9).
 10475 | Lair:1   | 10475 ||| INVOKING Berserk.
 10672 | Lair:1   | 10672 ||| INVOKING Berserk.
 10678 | Lair:1   | 10678 ||| EATING 8 bread rations.
 10682 | Lair:1   | Reached XP level 12. HP: 109/109 MP: 10/10
 10796 | Lair:1   | 10796 ||| UPGRADING to helmet.
 10924 | Lair:2   | Reached skill level 15 in Axes
 11014 | Lair:2   | Noticed a five-headed hydra
 11015 | Lair:2   | 11015 ||| INVOKING Brothers in Arms.
 11017 | Lair:2   | 11017 ||| SWAPPING to +0 morningstar.
 11018 | Lair:2   | 11018 ||| INVOKING Berserk.
 11018 | Lair:2   | Killed a five-headed hydra
 11022 | Lair:2   | Received a gift from Trog
 11026 | Lair:2   | 11026 ||| SWAPPING to +2 broad axe.
 11542 | Lair:3   | 11542 ||| STAIRDANCE
 11550 | Lair:2   | 11550 ||| ZAPPING wand of heal wounds (6/9).
 11562 | Lair:3   | 11562 ||| STAIRDANCE
 11582 | Lair:3   | 11582 ||| STAIRDANCE
 11595 | Lair:2   | 11595 ||| ZAPPING wand of heal wounds (5/9).
 11703 | Lair:3   | 11703 ||| INVOKING Burn Spellbooks.
 11743 | Lair:3   | 11743 ||| ZAPPING wand of heal wounds (4/9).
 11744 | Lair:3   | 11744 ||| MP-RECHARGING wand of heal wounds (3/9).
 11847 | Lair:3   | Found a hole to the Spider Nest.
 11979 | Lair:3   | 11979 ||| INVOKING Trog's Hand.
 12068 | Lair:3   | Found a staircase to the Shoals.
 12069 | Lair:3   | 12069 ||| INVOKING Trog's Hand.
 12071 | Lair:3   | 12071 ||| Stepping ~*~*~tactically~*~*~ (water).
 12358 | Lair:3   | 12358 ||| READING scroll labeled OVVYOWNOS LOCI.
 12397 | Lair:4   | 12397 ||| STAIRDANCE
 12403 | Lair:3   | 12403 ||| ZAPPING wand of heal wounds (7/9).
 12411 | Lair:4   | 12411 ||| STAIRDANCE
 12418 | Lair:3   | 12418 ||| ZAPPING wand of heal wounds (6/9).
 12436 | Lair:4   | Noticed Sonja
 12442 | Lair:4   | 12442 ||| INVOKING Brothers in Arms.
 12448 | Lair:4   | 12448 ||| INVOKING Brothers in Arms.
 12451 | Lair:4   | 12451 ||| ZAPPING wand of heal wounds (5/9).
 12453 | Lair:4   | 12453 ||| ZAPPING wand of heal wounds (4/9).
 12455 | Lair:4   | 12455 ||| ZAPPING wand of heal wounds (3/9).
 12456 | Lair:4   | 12456 ||| MP-RECHARGING wand of heal wounds (2/9).
 12521 | Lair:4   | 12521 ||| INVOKING Berserk.
 12664 | Lair:4   | Reached skill level 16 in Axes
 12675 | Lair:4   | 12675 ||| ZAPPING wand of heal wounds (5/9).
 12676 | Lair:4   | 12676 ||| ZAPPING wand of heal wounds (4/9).
 12689 | Lair:4   | 12689 ||| ZAPPING wand of heal wounds (3/9).
 12702 | Lair:4   | 12702 ||| ZAPPING wand of heal wounds (2/9).
 12703 | Lair:4   | 12703 ||| ZAPPING wand of heal wounds (1/9).
 12704 | Lair:4   | 12704 ||| MP-RECHARGING wand of heal wounds (0/9).
 12719 | Lair:4   | 12719 ||| ZAPPING wand of heal wounds (6/9).
 12725 | Lair:4   | 12725 ||| ZAPPING wand of heal wounds (5/9).
 12876 | Lair:4   | Noticed Urug
 12896 | Lair:4   | Killed Urug
 12896 | Lair:4   | Reached XP level 13. HP: 66/117 MP: 8/8
 12897 | Lair:4   | 12897 ||| ZAPPING wand of heal wounds (4/9).
 12898 | Lair:4   | 12898 ||| ZAPPING wand of heal wounds (3/9).
 12899 | Lair:4   | 12899 ||| MP-RECHARGING wand of heal wounds (2/9).
 12920 | Lair:4   | 12920 ||| DROPPING +0 morningstar.
 12921 | Lair:4   | 12921 ||| UPGRADING to enchanted eveningstar.
 12922 | Lair:4   | 12922 ||| SWAPPING to +2 broad axe.
 13015 | Lair:4   | 13015 ||| INVOKING Brothers in Arms.
 13017 | Lair:4   | 13017 ||| INVOKING Berserk.
 13138 | Lair:4   | 13138 ||| Stepping ~*~*~tactically~*~*~ (cloud).
 13140 | Lair:4   | 13140 ||| Stepping ~*~*~tactically~*~*~ (cloud).
 13147 | Lair:4   | 13147 ||| INVOKING Berserk.
 13162 | Lair:4   | 13162 ||| ZAPPING wand of heal wounds (5/9).
 13230 | Lair:4   | 13230 ||| INVOKING Berserk.
 13320 | Lair:4   | Noticed Josephine
 13334 | Lair:4   | Killed Josephine
 13352 | Lair:4   | Reached skill level 17 in Axes
 13353 | Lair:4   | 13353 ||| ZAPPING wand of heal wounds (4/9).
 13354 | Lair:4   | 13354 ||| MP-RECHARGING wand of heal wounds (3/9).
 13468 | Lair:4   | 13468 ||| INVOKING Brothers in Arms.
 13470 | Lair:4   | 13470 ||| INVOKING Berserk.
 13573 | Lair:4   | 13573 ||| INVOKING Berserk.
 13748 | Lair:4   | 13748 ||| INVOKING Brothers in Arms.
 13749 | Lair:4   | 13749 ||| INVOKING Brothers in Arms.
 13750 | Lair:4   | 13750 ||| INVOKING Brothers in Arms.
 13751 | Lair:4   | 13751 ||| SWAPPING to +3 eveningstar.
 13752 | Lair:4   | 13752 ||| INVOKING Berserk.
 13760 | Lair:4   | 13760 ||| SWAPPING to +2 broad axe.
 14236 | Lair:5   | 14236 ||| ZAPPING wand of heal wounds (9/9).
 14267 | Lair:5   | Reached skill level 9 in Fighting
 14313 | Lair:5   | 14313 ||| ZAPPING wand of heal wounds (8/9).
 14662 | Lair:5   | 14662 ||| INVOKING Burn Spellbooks.
 15204 | Lair:5   | 15204 ||| UPGRADING to runed chain mail.
 15214 | Lair:5   | 15214 ||| UPGRADING to +3 plate armour.
 15224 | Lair:5   | 15224 ||| DROPPING +1 chain mail of cold resistance.
 15225 | Lair:5   | 15225 ||| UPGRADING to pair of embroidered boots.
 15235 | Lair:5   | 15235 ||| READING 8 scrolls of remove curse.
 15236 | Lair:5   | 15236 ||| UPGRADING to +2 pair of boots of stealth.
 15246 | Lair:5   | 15246 ||| DROPPING +0 pair of boots.
 15247 | Lair:5   | 15247 ||| READING scroll labeled XOHIDU IJIU.
 15260 | Lair:6   | Entered Level 6 of the Lair of Beasts
 15274 | Lair:6   | 15274 ||| ZAPPING wand of heal wounds (7/9).
 15297 | Lair:6   | Found a staircase to the Slime Pits.
 15435 | Lair:6   | 15435 ||| ZAPPING wand of heal wounds (6/9).
 15738 | Lair:6   | Got a brightly glowing crystal amulet
 15797 | Lair:6   | 15797 ||| Stepping ~*~*~tactically~*~*~ (water).
 15928 | Lair:6   | 15928 ||| READING scroll of enchant armour.
 15928 | Lair:6   | 15928 ||| ENCHANTING +0 helmet.
 15940 | Lair:6   | Got a translucent chain mail
 16069 | Lair:6   | 16069 ||| UPGRADING to translucent chain mail.
 16079 | Lair:6   | Identified the +1 chain mail of the Ego {rPois rCorr SInv} (You found it on level 6 of the Lair of Beasts)
 16080 | Lair:6   | 16080 ||| UPGRADING to brightly glowing crystal amulet.
 16080 | Lair:6   | Identified the amulet "Erhisch" {Spirit MR+} (You found it on level 6 of the Lair of Beasts)
 16081 | Lair:6   | 16081 ||| REMOVING amulet "Erhisch" {Spirit MR+}.
 16082 | Lair:6   | 16082 ||| DROPPING amulet "Erhisch" {Spirit MR+}.
 16101 | Lair:5   | 16101 ||| INVOKING Berserk.
 16213 | Lair:1   | Received a gift from Trog
 16272 | D:12     | 16272 ||| ZAPPING wand of heal wounds (5/9).
 16316 | D:12     | 16316 ||| INVOKING Berserk.
 16323 | D:12     | Reached skill level 6 in Dodging
 16339 | D:12     | 16339 ||| ZAPPING wand of heal wounds (4/9).
 16340 | D:12     | 16340 ||| MP-RECHARGING wand of heal wounds (3/9).
 16430 | D:12     | 16430 ||| ZAPPING wand of heal wounds (7/9).
 16506 | D:12     | 16506 ||| ZAPPING wand of heal wounds (6/9).
 16644 | D:12     | Reached skill level 18 in Axes
 16706 | D:12     | 16706 ||| Stepping ~*~*~tactically~*~*~ (water).
 16721 | D:12     | 16721 ||| ZAPPING wand of heal wounds (5/9).
 16724 | D:12     | 16724 ||| ZAPPING wand of heal wounds (4/9).
 16731 | D:12     | 16731 ||| Stepping ~*~*~tactically~*~*~ (water).
 16734 | D:12     | 16734 ||| Stepping ~*~*~tactically~*~*~ (water).
 16738 | D:12     | 16738 ||| ZAPPING wand of heal wounds (3/9).
 16739 | D:12     | 16739 ||| MP-RECHARGING wand of heal wounds (2/9).
 16971 | D:12     | Gained mutation: You resist negative energy. (rN+) [Deep Dwarf growth]
 16971 | D:12     | Reached XP level 14. HP: 106/129 MP: 5/5
 17122 | D:12     | 17122 ||| UPGRADING to shiny plate armour.
 17132 | D:12     | 17132 ||| UPGRADING to +1 chain mail of the Ego {rPois rCorr SInv}.
 17142 | D:12     | 17142 ||| READING scroll labeled FOS JESUDAC.
 17217 | D:13     | 17217 ||| ZAPPING wand of heal wounds (7/9).
 17332 | D:13     | Noticed Nessos
 17337 | D:13     | 17337 ||| INVOKING Brothers in Arms.
 17341 | D:13     | 17341 ||| INVOKING Berserk.
 17346 | D:13     | 17346 ||| ZAPPING wand of heal wounds (6/9).
 17350 | D:13     | Killed Nessos
 17351 | D:13     | 17351 ||| ZAPPING wand of heal wounds (5/9).
 17380 | D:13     | 17380 ||| EATING 3 beef jerkies.
 17406 | D:13     | 17406 ||| READING scroll of enchant armour.
 17406 | D:13     | 17406 ||| ENCHANTING +1 helmet.
 17569 | D:13     | 17569 ||| ZAPPING wand of heal wounds (4/9).
 17570 | D:13     | 17570 ||| MP-RECHARGING wand of heal wounds (3/9).
 17937 | D:13     | 17937 ||| UPGRADING to runed cloak.
 17947 | D:13     | 17947 ||| DROPPING +0 cloak.
 17948 | D:13     | 17948 ||| READING 11 scrolls of identify.
 17948 | D:13     | 17948 ||| IDENTIFYING golden potion
 17949 | D:13     | 17949 ||| DROPPING potion of lignification.
 18012 | D:13     | 18012 ||| ZAPPING wand of heal wounds (7/9).
 18076 | D:14     | 18076 ||| STAIRDANCE
 18082 | D:13     | 18082 ||| EATING 2 beef jerkies.
 18097 | D:14     | 18097 ||| INVOKING Brothers in Arms.
 18098 | D:14     | 18098 ||| SWAPPING to +3 eveningstar.
 18099 | D:14     | 18099 ||| INVOKING Berserk.
 18116 | D:14     | 18116 ||| SWAPPING to +2 broad axe.
 18156 | D:14     | 18156 ||| EATING beef jerky.
 18167 | D:14     | Found a gate to the Vaults.
 18294 | D:14     | Reached skill level 12 in Shields
 18295 | D:14     | 18295 ||| ZAPPING wand of heal wounds (6/9).
 18334 | D:14     | 18334 ||| SWAPPING to runed war axe.
 18335 | D:14     | 18335 ||| SWAPPING to +2 broad axe.
 18336 | D:14     | 18336 ||| DROPPING +0 war axe of venom.
 18444 | D:14     | Noticed Roxanne
 18445 | D:14     | 18445 ||| INVOKING Brothers in Arms.
 18446 | D:14     | 18446 ||| INVOKING Brothers in Arms.
 18457 | D:14     | HP: 26/129 [Roxanne/crystal spear (50)]
 18458 | D:14     | 18458 ||| ZAPPING wand of heal wounds (5/9).
 18459 | D:14     | 18459 ||| ZAPPING wand of heal wounds (4/9).
 18460 | D:14     | 18460 ||| ZAPPING wand of heal wounds (3/9).
 18462 | D:14     | Killed Roxanne
 18463 | D:14     | 18463 ||| ZAPPING wand of heal wounds (2/9).
 18464 | D:14     | 18464 ||| MP-RECHARGING wand of heal wounds (1/9).
 18465 | D:14     | 18465 ||| MP-RECHARGING wand of heal wounds (3/9).
 18471 | D:14     | 18471 ||| INVOKING Burn Spellbooks.
 18489 | D:14     | Noticed a fire giant
 18490 | D:14     | 18490 ||| INVOKING Berserk.
 18500 | D:14     | Killed a fire giant
 18500 | D:14     | Reached skill level 6 in Evocations
 18507 | D:14     | 18507 ||| ZAPPING wand of heal wounds (7/9).
 18508 | D:14     | 18508 ||| ZAPPING wand of heal wounds (6/9).
 18642 | D:14     | Found a bloodstained altar of Trog.
 18650 | D:14     | 18650 ||| ZAPPING wand of heal wounds (5/9).
 18653 | D:14     | 18653 ||| ZAPPING wand of heal wounds (4/9).
 18654 | D:14     | 18654 ||| ZAPPING wand of heal wounds (3/9).
 18655 | D:14     | 18655 ||| ZAPPING wand of heal wounds (2/9).
 18656 | D:14     | 18656 ||| MP-RECHARGING wand of heal wounds (1/9).
 18667 | D:14     | 18667 ||| INVOKING Trog's Hand.
 18674 | D:14     | 18674 ||| INVOKING Trog's Hand.
 18684 | D:14     | 18684 ||| INVOKING Trog's Hand.
 18981 | D:14     | 18981 ||| ZAPPING wand of heal wounds (5/9).
 19095 | D:14     | 19095 ||| UPGRADING to pair of gloves.
 19100 | D:14     | 19100 ||| READING 2 scrolls of enchant armour.
 19100 | D:14     | 19100 ||| ENCHANTING +0 pair of gloves.
 19101 | D:14     | 19101 ||| READING scroll of enchant armour.
 19101 | D:14     | 19101 ||| ENCHANTING +1 pair of gloves.
 19102 | D:14     | 19102 ||| DROPPING wand of lightning.
 19115 | D:15     | Entered Level 15 of the Dungeon
 19179 | D:15     | Noticed Rupert
 19182 | D:15     | 19182 ||| INVOKING Trog's Hand.
 19184 | D:15     | 19184 ||| INVOKING Berserk.
 19196 | D:15     | Killed Rupert
 19203 | D:15     | 19203 ||| ZAPPING wand of heal wounds (4/9).
 19204 | D:15     | 19204 ||| MP-RECHARGING wand of heal wounds (3/9).
 19297 | D:15     | 19297 ||| INVOKING Trog's Hand.
 19494 | D:15     | 19494 ||| INVOKING Trog's Hand.
 19499 | D:15     | 19499 ||| INVOKING Berserk.
 19549 | D:15     | 19549 ||| INVOKING Trog's Hand.
 19569 | D:15     | Found a staircase to the Depths.
 19570 | D:15     | 19570 ||| INVOKING Berserk.
 19775 | D:15     | Reached skill level 9 in Evocations
 19788 | D:15     | 19788 ||| INVOKING Brothers in Arms.
 19794 | D:15     | 19794 ||| INVOKING Berserk.
 19839 | D:15     | 19839 ||| INVOKING Brothers in Arms.
 19840 | D:15     | 19840 ||| INVOKING Brothers in Arms.
 19859 | D:15     | 19859 ||| READING 4 scrolls of teleportation.
 19928 | D:15     | 19928 ||| EATING 8 slices of pizza.
 19952 | D:15     | 19952 ||| INVOKING Brothers in Arms.
 19961 | D:15     | 19961 ||| DRINKING 15 potions of curing.
 19961 | D:15     | 19961 ||| (to cure confusion)
 19963 | D:15     | 19963 ||| INVOKING Berserk.
 20242 | D:15     | 20242 ||| INVOKING Berserk.
 20386 | D:15     | 20386 ||| READING 10 scrolls of identify.
 20386 | D:15     | 20386 ||| IDENTIFYING murky black potion
 20387 | D:15     | 20387 ||| DROPPING potion of mutation.
 20573 | Orc:1    | Entered Level 1 of the Orcish Mines
 20574 | Orc:1    | 20574 ||| Entered O.
 20720 | Orc:2    | Entered Level 2 of the Orcish Mines
 20722 | Orc:2    | 20722 ||| STAIRDANCE
 20741 | Orc:2    | 20741 ||| STAIRDANCE
 20762 | Orc:2    | 20762 ||| STAIRDANCE
 21261 | Orc:2    | Received a gift from Trog
 21286 | Orc:2    | Found a roughly hewn altar of Beogh.
 21287 | Orc:2    | 21287 ||| INVOKING Berserk.
 21376 | Orc:2    | Noticed an orc warlord
 21377 | Orc:2    | 21377 ||| INVOKING Trog's Hand.
 21378 | Orc:2    | 21378 ||| INVOKING Brothers in Arms.
 21379 | Orc:2    | 21379 ||| INVOKING Berserk.
 21387 | Orc:2    | Killed an orc warlord
 21479 | Orc:2    | 21479 ||| INVOKING Berserk.
 21488 | Orc:2    | Found Ymopimpe's Jewellery Boutique.
 21536 | Orc:2    | Bought an uncursed ring of poison resistance for 280 gold pieces
 21536 | Orc:2    | Bought a +5 ring of protection for 770 gold pieces
 21536 | Orc:2    | Bought the amulet of Woukeax {+Rage Dex+5} for 805 gold pieces
 21542 | Orc:2    | Found Ytzeic Ashra's General Store.
 21545 | Orc:2    | 21545 ||| INVOKING Berserk.
 21599 | Orc:2    | 21599 ||| SHOPLISTING scroll of teleportation (39 gold, have 33).
 21599 | Orc:2    | Bought a scroll of identify for 26 gold pieces
 21614 | Orc:2    | Reached XP level 15. HP: 117/138 MP: 5/5
 21708 | Orc:2    | 21708 ||| INVOKING Trog's Hand.
 21709 | Orc:2    | 21709 ||| INVOKING Berserk.
 22152 | Orc:2    | Found a staircase to the Elven Halls.
 22217 | Orc:2    | 22217 ||| INVOKING Trog's Hand.
 22221 | Orc:2    | 22221 ||| INVOKING Berserk.
 22350 | Orc:2    | 22350 ||| INVOKING Trog's Hand.
 22355 | Orc:2    | 22355 ||| INVOKING Berserk.
 22369 | Orc:2    | Noticed an orc warlord
 22389 | Orc:2    | 22389 ||| READING 4 scrolls of teleportation.
 22390 | Orc:2    | 22390 ||| ZAPPING wand of heal wounds (6/9).
 22392 | Orc:2    | 22392 ||| ZAPPING wand of heal wounds (5/9).
 22591 | Orc:2    | 22591 ||| INVOKING Brothers in Arms.
 22592 | Orc:2    | 22592 ||| INVOKING Brothers in Arms.
 22593 | Orc:2    | 22593 ||| INVOKING Brothers in Arms.
 22595 | Orc:2    | 22595 ||| INVOKING Berserk.
 22597 | Orc:2    | Killed an orc warlord
 22600 | Orc:2    | Found a roughly hewn altar of Beogh.
 22613 | Orc:2    | Found Nagukaw's Armour Boutique.
 22618 | Orc:2    | 22618 ||| ZAPPING wand of heal wounds (4/9).
 22619 | Orc:2    | 22619 ||| MP-RECHARGING wand of heal wounds (3/9).
 22737 | Orc:2    | 22737 ||| INVOKING Berserk.
 22842 | Orc:2    | 22842 ||| ZAPPING wand of heal wounds (7/9).
 22859 | Orc:2    | Found Vahof's Antique Armour Shoppe.
 22861 | Orc:2    | 22861 ||| INVOKING Berserk.
 22878 | Orc:2    | 22878 ||| ZAPPING wand of heal wounds (6/9).
 23060 | Orc:2    | 23060 ||| INVOKING Berserk.
 23131 | Orc:2    | 23131 ||| ZAPPING wand of heal wounds (5/9).
 23265 | Orc:2    | Received a gift from Trog
 23267 | Orc:2    | 23267 ||| SWAPPING to glowing broad axe {god gift}.
 23268 | Orc:2    | 23268 ||| DROPPING +2 broad axe.
 23480 | Orc:2    | 23480 ||| UPGRADING to glowing chain mail.
 23490 | Orc:2    | 23490 ||| UPGRADING to +0 plate armour of poison resistance.
 23500 | Orc:2    | 23500 ||| UPGRADING to +1 chain mail of the Ego {rPois rCorr SInv}.
 23510 | Orc:2    | 23510 ||| DROPPING +2 chain mail of cold resistance.
 23511 | Orc:2    | 23511 ||| UPGRADING to pair of glowing boots.
 23521 | Orc:2    | 23521 ||| DROPPING +2 pair of boots of stealth.
 23602 | Orc:2    | 23602 ||| UPGRADING to amulet of Woukeax {+Rage Dex+5}.
 23603 | Orc:2    | 23603 ||| UPGRADING to +5 ring of protection.
 23605 | Orc:2    | 23605 ||| UPGRADING to +4 ring of protection.
 23607 | Orc:2    | 23607 ||| DROPPING +3 ring of evasion.
 23608 | Orc:2    | 23608 ||| DROPPING 29 tomahawks.
 23850 | D:12     | 23850 ||| INVOKING Berserk.
 23852 | D:12     | 23852 ||| EATING 7 slices of pizza.
 23998 | Lair:4   | 23998 ||| EATING 6 slices of pizza.
 24073 | Shoals:1 | Entered Level 1 of the Shoals
 24074 | Shoals:1 | 24074 ||| Entered A.
 24104 | Shoals:1 | 24104 ||| ZAPPING wand of heal wounds (4/9).
 24105 | Shoals:1 | 24105 ||| MP-RECHARGING wand of heal wounds (3/9).
 24179 | Shoals:1 | 24179 ||| ZAPPING wand of heal wounds (8/9).
 24180 | Shoals:1 | 24180 ||| ZAPPING wand of heal wounds (7/9).
 24227 | Shoals:1 | Reached skill level 9 in Dodging
 24228 | Shoals:1 | 24228 ||| ZAPPING wand of heal wounds (6/9).
 24275 | Shoals:1 | 24275 ||| ZAPPING wand of heal wounds (5/9).
 24641 | Shoals:1 | 24641 ||| ZAPPING wand of heal wounds (4/9).
 24642 | Shoals:1 | 24642 ||| MP-RECHARGING wand of heal wounds (3/9).
 24671 | Shoals:1 | Noticed Donald
 24674 | Shoals:1 | 24674 ||| INVOKING Berserk.
 24678 | Shoals:1 | Killed Donald
 24726 | Shoals:1 | 24726 ||| INVOKING Trog's Hand.
 24730 | Shoals:1 | Reached skill level 12 in Evocations
 25033 | Shoals:1 | 25033 ||| ZAPPING wand of heal wounds (9/9).
 25128 | Shoals:2 | Noticed Jorgrun
 25157 | Shoals:2 | Killed Jorgrun
 25188 | Shoals:2 | 25188 ||| ZAPPING wand of heal wounds (8/9).
 25252 | Shoals:2 | Found Wogiusez's Assorted Antiques.
 25261 | Shoals:2 | Bought a short bone wand for 72 gold pieces
 25261 | Shoals:2 | Bought a glass ring for 90 gold pieces
 25261 | Shoals:2 | Bought a potion of curing for 54 gold pieces
 25261 | Shoals:2 | 25261 ||| SHOPLISTING embroidered hat (180 gold, have 77).
 25261 | Shoals:2 | 25261 ||| SHOPLISTING glowing chain mail (189 gold, have 77).
 25261 | Shoals:2 | 25261 ||| SHOPLISTING scroll of enchant armour (135 gold, have 77).
 25261 | Shoals:2 | Bought a glowing lead wand for 72 gold pieces
 25261 | Shoals:2 | 25261 ||| SHOPLISTING potion of haste (180 gold, have 5).
 25261 | Shoals:2 | 25261 ||| SHOPLISTING shiny shadow dragon scales (1548 gold, have 5).
 25298 | Shoals:2 | 25298 ||| ZAPPING wand of heal wounds (7/9).
 25350 | Shoals:2 | Noticed Louise
 25351 | Shoals:2 | 25351 ||| INVOKING Trog's Hand.
 25352 | Shoals:2 | 25352 ||| INVOKING Brothers in Arms.
 25354 | Shoals:2 | 25354 ||| INVOKING Berserk.
 25359 | Shoals:2 | Killed Louise
 25553 | Shoals:2 | Reached skill level 12 in Armour
 25655 | Shoals:2 | 25655 ||| ZAPPING wand of heal wounds (6/9).
 25720 | Shoals:2 | Noticed a kraken
 25731 | Shoals:2 | Killed a kraken
 25732 | Shoals:2 | 25732 ||| ZAPPING wand of heal wounds (5/9).
 25733 | Shoals:2 | 25733 ||| ZAPPING wand of heal wounds (4/9).
 25734 | Shoals:2 | 25734 ||| MP-RECHARGING wand of heal wounds (3/9).
 26076 | Shoals:2 | 26076 ||| UPGRADING to shiny plate armour.
 26086 | Shoals:2 | 26086 ||| UPGRADING to +0 plate armour of poison resistance.
 26096 | Shoals:2 | 26096 ||| UPGRADING to +1 chain mail of the Ego {rPois rCorr SInv}.
 26106 | Shoals:2 | 26106 ||| DROPPING +8 plate armour of ponderousness.
 26107 | Shoals:2 | 26107 ||| UPGRADING to glass ring.
 26109 | Shoals:2 | 26109 ||| REMOVING ring of wizardry.
 26110 | Shoals:2 | 26110 ||| DROPPING ring of wizardry.
 26111 | Shoals:2 | 26111 ||| UPGRADING to +5 ring of protection.
 26112 | Shoals:2 | 26112 ||| DROPPING wand of random effects.
 26113 | Shoals:2 | 26113 ||| DROPPING wand of polymorph.
 26179 | Shoals:3 | 26179 ||| INVOKING Trog's Hand.
 26180 | Shoals:3 | Reached XP level 16. HP: 89/147 MP: 5/5
 26209 | Shoals:3 | 26209 ||| ZAPPING wand of heal wounds (9/9).
 26230 | Shoals:3 | 26230 ||| INVOKING Trog's Hand.
 26231 | Shoals:3 | 26231 ||| INVOKING Brothers in Arms.
 26258 | Shoals:3 | 26258 ||| ZAPPING wand of heal wounds (8/9).
 26299 | Shoals:3 | 26299 ||| ZAPPING wand of heal wounds (7/9).
 26300 | Shoals:3 | 26300 ||| ZAPPING wand of heal wounds (6/9).
 26301 | Shoals:3 | 26301 ||| Stepping ~*~*~tactically~*~*~ (cloud).
 26440 | Shoals:3 | 26440 ||| INVOKING Trog's Hand.
 26564 | Shoals:3 | Noticed Nikola
 26565 | Shoals:3 | 26565 ||| INVOKING Brothers in Arms.
 26568 | Shoals:3 | 26568 ||| INVOKING Berserk.
 26575 | Shoals:3 | Killed Nikola
 26691 | Shoals:3 | 26691 ||| INVOKING Berserk.
 26703 | Shoals:3 | 26703 ||| ZAPPING wand of heal wounds (5/9).
 26714 | Shoals:3 | 26714 ||| READING 3 scrolls of teleportation.
 26747 | Shoals:3 | 26747 ||| EATING 5 slices of pizza.
 26817 | Shoals:3 | 26817 ||| ZAPPING wand of heal wounds (4/9).
 26818 | Shoals:3 | 26818 ||| MP-RECHARGING wand of heal wounds (3/9).
 26860 | Shoals:3 | 26860 ||| INVOKING Berserk.
 26945 | Shoals:3 | 26945 ||| EATING 4 slices of pizza.
 26990 | Shoals:3 | 26990 ||| ZAPPING wand of heal wounds (8/9).
 27005 | Shoals:3 | 27005 ||| INVOKING Trog's Hand.
 27195 | Shoals:3 | 27195 ||| UPGRADING to glowing chain mail.
 27205 | Shoals:3 | 27205 ||| UPGRADING to pair of embroidered gloves.
 27215 | Shoals:3 | 27215 ||| DROPPING +2 pair of gloves.
 27216 | Shoals:3 | 27216 ||| READING 13 scrolls of remove curse.
 27217 | Shoals:3 | 27217 ||| UPGRADING to +0 plate armour of poison resistance.
 27227 | Shoals:3 | 27227 ||| DROPPING +0 chain mail.
 27228 | Shoals:3 | 27228 ||| UPGRADING to +1 chain mail of the Ego {rPois rCorr SInv}.
 27238 | Shoals:3 | 27238 ||| READING scroll of enchant armour.
 27238 | Shoals:3 | 27238 ||| ENCHANTING +1 pair of gloves of strength.
 27239 | Shoals:3 | 27239 ||| UPGRADING to moonstone ring.
 27241 | Shoals:3 | 27241 ||| REMOVING ring of ice.
 27242 | Shoals:3 | 27242 ||| DROPPING ring of ice.
 27243 | Shoals:3 | 27243 ||| DROPPING ring of ice.
 27244 | Shoals:3 | 27244 ||| UPGRADING to +5 ring of protection.
 27292 | Shoals:3 | 27292 ||| EATING 3 slices of pizza.
 27295 | Shoals:4 | Entered Level 4 of the Shoals
 27317 | Shoals:4 | Noticed Ilsuiw
 27318 | Shoals:4 | 27318 ||| INVOKING Trog's Hand.
 27321 | Shoals:4 | Noticed Polyphemus
 27329 | Shoals:4 | 27329 ||| Stepping ~*~*~tactically~*~*~ (cloud).
 27329 | Shoals:4 | HP: 31/150 [merfolk javelineer/javelin of returning (14)]
 27330 | Shoals:4 | 27330 ||| ZAPPING wand of heal wounds (7/9).
 27331 | Shoals:4 | 27331 ||| ZAPPING wand of heal wounds (6/9).
 27332 | Shoals:4 | 27332 ||| ZAPPING wand of heal wounds (5/9).
 27333 | Shoals:4 | 27333 ||| ZAPPING wand of heal wounds (4/9).
 27341 | Shoals:4 | HP: 25/150 [merfolk aquamancer/great wave of water (15)]
 27342 | Shoals:4 | HP: 8/150 [merfolk javelineer/javelin (5)]
 27343 | Shoals:4 | HP: 2/150 [merfolk javelineer/javelin (5)]
 27344 | Shoals:4 | Slain by a merfolk

Vault maps used:
D:1:      shiori_arrival_whats_in_store_for_you
D:2:      lemuel_coloured_pillars_altar
D:3:      marbit_many_paths, ecumenical_altar_1
D:4:      yredelemnul_altar_generic, lightli_temple_of_fire, old_standard_altar,
          enter_ossuary_2, uniq_sigmund
D:5:      gammafunk_temple_overflow_wave, first_bread, serial_shops,
          nicolae_shop_behind_doors, uniq_edmund, uniq_pikel,
          uniq_crazy_yiuf_cottage
D:6:      lemuel_ice_spiral_2, serial_shops, shop, kennysheep_little_box,
          kennysheep_mini, nicolae_shop_trees, corexii_leaking_fountain,
          fountainhead
D:7:      serial_shops, shop, nicolae_shop_behind_doors, shop, grunt_livestock,
          uniq_duvessa, uniq_joseph
D:8:      old_standard_altar, serial_undead, serial_undead_e, serial_undead_e,
          serial_undead_c, serial_undead_a
D:9:      nemelex_xobeh_ov_fountains_minmay, orc_0_dummy,
          lightli_bailey_entry_fortress
D:10:     minmay_cornered_nines, basic_altar, minivault_16, uniq_maurice
D:11:     dpeg_oklobed_lair
D:13:     uniq_nessos
D:14:     minmay_ornate_pinched, david_vaults_4, lemuel_statue_altar,
          uniq_roxanne
D:15:     grunt_enter_depths_magical_seal, minmay_more_statues, uniq_rupert
Lair:1:   bh_autumn_forest_stairs
Lair:2:   st_stairs_13, eino_small_chamber_without_monster
Lair:3:   elwin_shoals_entry_stream, spider_nest_entry_web_field
Lair:4:   special_room, st_stairs_12, serial_bayou_shore_b, uniq_josephine,
          uniq_sonja, uniq_urug
Lair:5:   st_stairs_11, serial_bayou_pond_c, roderic_batcave,
          serial_bayou_shore_a
Lair:6:   due_jungle_book, minmay_slime_entry_eyes, serial_bayou_lagoon_a
Shoals:1: nicolae_shoals_arrival_archipelago, uniq_donald
Shoals:2: serial_shops, nicolae_shop_window_shopping, uniq_louise, uniq_jorgrun
Shoals:3: argonaut_golden_fleece, nicolae_shoals_drake_roost, uniq_nikola
Shoals:4: shoals_end_simple, shoals_ilsuiw_ice, uniq_polyphemus
Orc:2:    pubby_orc_utopia
Ossuary:  ossuary_zaba_flooded

Skill      XL: |  1  2  3  4  5  6  7  8  9 10 11 12 13 14 15 16 |
---------------+-------------------------------------------------+-----
Axes           | 3 4 5 6 7 8 10 11 13 14 16 18 | 18.0
Dodging        | 1 3 4 5 6 8 10 | 10.0
Evocations     | 2 4 10 13 | 13.7
Shields        | 4 5 7 8 9 10 11 12 13 | 13.9
Fighting       | 3 5 6 7 8 9 10 11 | 11.0
Armour         | 6 7 9 10 11 12 | 12.0

Action                   |  1- 3 |  4- 6 |  7- 9 | 10-12 | 13-15 | 16-18 || total
-------------------------+-------+-------+-------+-------+-------+-------++-------
Melee: War axe           |    98 |   163 |   471 |   367 |       |       ||  1099
       Broad axe         |       |       |       |   413 |  1719 |   169 ||  2301
       Morningstar       |       |       |       |     2 |       |       ||     2
       Eveningstar       |       |       |       |       |    17 |       ||    17
Throw: Tomahawk          |       |     8 |    19 |    84 |    50 |       ||   161
       Javelin           |       |       |     2 |    66 |   230 |       ||   298
Invok: Berserk           |       |       |     9 |    13 |    31 |     3 ||    56
       Burn Spellbooks   |       |       |       |     4 |     2 |       ||     6
       Brothers in Arms  |       |       |       |     7 |    13 |     2 ||    22
       Trog's Hand       |       |       |       |     2 |    14 |     4 ||    20
 Abil: Device Recharging |       |     1 |     3 |     4 |    13 |     1 ||    22
Evoke: Wand              |       |     2 |    13 |    21 |    51 |    11 ||    98
  Use: Scroll            |     6 |     5 |    15 |    12 |    11 |     3 ||    52
       Potion            |     1 |     3 |     4 |     3 |     1 |       ||    12
 Stab: Invisible         |       |       |     4 |       |       |       ||     4
       Distracted        |       |       |       |       |     1 |       ||     1
       Petrified         |       |       |       |       |       |     6 ||     6
  Eat: Chunk             |     2 |     6 |    14 |    27 |    76 |     5 ||   130
       Pizza             |       |       |     1 |       |     3 |     3 ||     7
       Beef jerky        |       |       |     2 |     3 |     3 |       ||     8
       Bread ration      |       |       |       |     2 |       |       ||     2
Armor: Scale mail        |    42 |    15 |       |       |       |       ||    57
       Chain mail        |       |    32 |   102 |       |   370 |   146 ||   650
       Plate armour      |       |       |   116 |   526 |    94 |       ||   736
Dodge: Dodged            |    21 |    29 |   105 |   266 |   557 |    97 ||  1075
Block: Shield            |    50 |    40 |   229 |   402 |   825 |   130 ||  1676
